 Dungeon Crawl Stone Soup version 0.26.0-18-gc5c842f807 (webtiles) character file.

Game seed: 3824712124203727120

2312 xSliceyx the Fighter (level 9, 0/77 (79) HPs)
             Began as a Merfolk Chaos Knight on Jan 22, 2021.
             Was a Plaything of Xom.
             Killed from afar by a white imp (11 damage)
             ... with a puff of frost
             ... summoned by Xom
             ... on level 6 of the Dungeon on Jan 23, 2021.
             The game lasted 00:40:36 (9201 turns).

xSliceyx the Fighter (Merfolk Chaos Knight)         Turns: 9201, Time: 00:40:37

HP:   0/77 (79)     AC: 11    Str: 21    XL:     9   Next: 41%
MP:   9/9           EV: 11    Int: 11    God:    Xom [......]
Gold: 283           SH: 10    Dex: 14    Spells: 8/8 levels left

rFire    . . .     SeeInvis .   a - +2 spear (chaos)
rCold    . . .     Faith    .   A - +0 kite shield
rNeg     . . .     Spirit   .   b - +2 leather armour
rPois    .         Reflect  .   z - +2 hat
rElec    .         Harm     .   (no cloak)
rCorr    .         Rampage  .   (no gloves)
Will     .....                  (no boots)
Stlth    +.........             (no amulet)
HPRegen  0.22/turn              G - +6 ring of strength
MPRegen  0.11/turn              F - +4 ring of protection

@: lethally poisoned (0 -> -4), about to teleport, lightly drained
A: change form in water, swift swim, stealthy swim
a: Renounce Religion


You were on level 6 of the Dungeon.
You worshipped Xom.
You were a very special plaything of Xom.
You visited 1 branch of the dungeon, and saw 6 of its levels.
You also visited: Sewer and Ossuary.

You collected 1511 gold pieces.
You spent 1228 gold pieces at shops.

Inventory:

Hand Weapons
 a - a +2 spear of chaos (weapon)
 o - a +1 whip of chaos
Missiles
 h - a curare-tipped dart
 w - 32 poisoned darts (quivered)
Armour
 b - a +2 leather armour (worn)
 f - a +0 helmet
 z - a +2 hat (worn)
 A - a +0 kite shield (worn)
Jewellery
 m - an uncursed ring of positive energy
 v - an uncursed ring of poison resistance
 F - a +4 ring of protection (right hand)
 G - a +6 ring of strength (left hand)
Wands
 q - a wand of acid (14)
Scrolls
 e - 7 scrolls of teleportation
 g - 3 scrolls of remove curse
 j - 3 scrolls of identify
 l - 3 scrolls of fear
 u - a scroll of noise
 x - a scroll of enchant armour {unknown}
 y - a scroll of blinking {unknown}
 C - a scroll of magic mapping
 D - a scroll of random uselessness {unknown}
 E - a scroll of amnesia {unknown}
 H - a scroll of fog {unknown}
Potions
 c - 4 potions of curing
 d - 2 potions of brilliance
 i - 4 potions of magic
 k - 3 potions of lignification
 n - 2 potions of flight
 p - 2 potions of resistance
 r - 3 potions of heal wounds
 s - a potion of might
 t - a potion of haste
 B - a potion of ambrosia


   Skills:
 - Level 10.7 Fighting
 - Level 4.4 Polearms
 + Level 6.5 Armour
 - Level 2.6 Dodging
 + Level 5.2 Shields


You had 8 spell levels left.
You didn't know any spells.
Your spell library contained the following spells:

 Spells                   Type           Power        Failure   Level
 Corona                   Hex            0%           82%         1
 Ensorcelled Hibernation  Hex/Ice        0%           91%         2
 Confusing Touch          Hex            0%           99%         3
 Dazzling Flash           Conj/Hex       0%           99%         3
 Tukima's Dance           Hex            0%           99%         3


Dungeon Overview and Level Annotations

Branches:
Dungeon (6/15)             Temple (0/1) D:4           Sewer (visited)
Ossuary (visited)

Altars:
Gozag
Nemelex Xobeh
Ru
Xom

Shops:
D:4 :   D:5 :   D:6 =

Annotations:
D:3 2 transporters, dredge's ghost, amateur HuFi
D:6 1 runed translucent door, Crazy Yiuf; Snicker's ghost, weakling DsDe


Message History

You feel sick.
The two-headed ogre hits you with a +0 giant club!
You emit a cloud of colourful smoke!
You block the two-headed ogre's attack.
You hit the two-headed ogre. You burn the two-headed ogre.
The two-headed ogre is lightly wounded.
You feel sick. "Time to have some fun!"
The two-headed ogre hits you with a +0 giant club!!
You block the two-headed ogre's attack.
Unknown command.
As you read the scroll of teleportation, it crumbles to dust.
You feel strangely unstable.
You feel sick.
The two-headed ogre hits you with a +0 giant club!
* * * LOW HITPOINT WARNING * * *
The two-headed ogre barely misses you. You block the worker ant's attack.
The white imp gestures at you. The puff of frost hits you!
You die...
Xom snickers!

.....##...###.## #)# #.# ###...
.._..##........####[# #.# #...
##..###..####....##<# #.# ####
##..##..# ###..##.###.####*##8#
##..#..# #>..#........##8...
##.#..# #......##.#####....
##.#..# ######.......#.#>...,
#..#..# #.§###Z........##...,
#..#.## #.l5@OW........##8,,,
#..#.# ###B#######...##***8*
#..#.## ###∩8∩8.##...######
####.....#######∩......#.O.......
...#...........#8.$8$.8#.Z.......
...#..#..#######..$_...#W.....##.
...#.......######.$..W##.........
...#............##''O##.......##.
.......[......................##.


You could see a two-headed ogre, a worker ant (summoned), Snicker's ghost, a
white imp (summoned), a leopard gecko (summoned) and a centaur skeleton.

Vanquished Creatures
  Menkaure (D:4)
  A water moccasin (D:6)
  Purgy (Sewer)
  An ice beast (D:5)
  An orc warrior (D:6)
  A swamp drake (D:3)
  A necrophage (D:6)
  2 ogres (D:5)
  Blork the orc (D:4)
  2 elf zombies (Ossuary)
  A bullfrog (D:6)
  A scorpion (D:6)
  A howler monkey (D:4)
  A quasit (D:5)
  3 centaur zombies
  A bullfrog skeleton (D:5)
  4 human zombies (Ossuary)
  A jelly (D:3)
  3 orc priests
  2 hounds
  2 centaur skeletons (D:4)
  3 worker ants
  2 mummies (Ossuary)
  2 howler monkey zombies (D:5)
  9 gnolls
  5 adders
  A shadow imp (D:5)
  4 white imps
  An ufetubus (D:3)
  2 oozes
  4 dart slugs
  3 leopard geckos
  12 orcs
  14 goblins
  13 hobgoblins
  3 iguanas
  4 jackals
  7 kobolds
  A quokka (D:6)
  7 ball pythons
  2 bats (D:1)
  7 frilled lizards
  A jackal skeleton (D:4)
  4 rats (D:1)
143 creatures vanquished.

Vanquished Creatures (collateral kills)
  An elf zombie (Ossuary)
  2 human zombies (Ossuary)
  A mummy (Ossuary)
4 creatures vanquished.

Vanquished Creatures (others)
  2 orcs (D:4)
  6 plants (D:3)
8 creatures vanquished.

Grand Total: 155 creatures vanquished

Notes
Turn   | Place    | Note
-------+----------+-------------------------------------------
     0 | D:1      | xSliceyx the Merfolk Chaos Knight began the quest for the
                  | Orb.
     0 | D:1      | Reached XP level 1. HP: 18/18 MP: 1/1
     2 | D:1      | XOM: silly message
   135 | D:1      | Reached XP level 2. HP: 25/25 MP: 2/2
   150 | D:1      | Reached skill level 4 in Fighting
   232 | D:1      | XOM: potion effect (experience)
   232 | D:1      | Reached skill level 10 in Fighting
   232 | D:1      | Reached XP level 3. HP: 42/42 MP: 3/3
   242 | D:1      | XOM: divination: detect items
   433 | D:1      | Reached XP level 4. HP: 49/49 MP: 4/4
   676 | D:1      | Reached skill level 1 in Armour
   755 | D:1      | XOM: silly message
  1249 | D:2      | XOM: silly message
  1253 | D:2      | XOM: cleaving
  1267 | D:2      | XOM: chaos upgrade
  1276 | D:2      | Reached XP level 5. HP: 53/54 MP: 5/5
  1542 | D:3      | HP: 3/81 [ufetubus (5)]
  1695 | D:3      | XOM: scenery: 1 doors close
  1921 | D:3      | Reached XP level 6. HP: 61/61 MP: 6/6
  1924 | D:3      | Found a shimmering altar of Xom.
  2048 | D:3      | Found a glowing drain.
  2055 | D:3      | Noticed a swamp drake
  2055 | D:3      | a worm changed into a swamp drake
  2055 | D:3      | XOM: polymorph worm -> swamp drake
  2057 | Sewer    | Entered a sewer
  2163 | Sewer    | Noticed Purgy
  2178 | Sewer    | XOM: confuse monster(s)
  2179 | Sewer    | Killed Purgy
  2311 | D:3      | XOM: confuse monster(s)
  2337 | D:3      | XOM: confuse monster(s)
  2339 | D:3      | Killed a swamp drake
  2824 | D:3      | Found a transporter.
  2831 | D:3      | Noticed dredge's ghost (amateur HuFi)
  2866 | D:3      | Found a transporter.
  2975 | D:3      | XOM: give mutation
  2975 | D:3      | Gained mutation: You evolve. [Xom's grace]
  3102 | D:4      | Reached XP level 7. HP: 60/67 MP: 7/7
  3270 | D:4      | Noticed Blork the orc
  3276 | D:4      | XOM: blink monster(s)
  3289 | D:4      | Killed Blork the orc
  3388 | D:4      | Noticed Menkaure
  3610 | D:4      | XOM: 1-stop teleportation journey
  3682 | D:4      | XOM: god gift: 1172 gold pieces
  3696 | D:4      | Found Nocwec's Book Shoppe.
  3798 | D:4      | XOM: smoke on damage
  3802 | D:4      | HP: 2/67 [Menkaure (17)]
  3803 | D:4      | Killed Menkaure
  3955 | D:4      | XOM: silly message
  4367 | D:4      | Found a staircase to the Ecumenical Temple.
  4561 | D:5      | Entered Level 5 of the Dungeon
  4617 | D:5      | Found Tiggin's Book Emporium.
  4617 | D:5      | XOM: 4-stop teleportation journey
  4681 | D:5      | Reached skill level 5 in Armour
  4760 | D:5      | XOM: cloud trail
  4770 | D:5      | XOM: divination: magic mapping
  4805 | D:5      | Reached XP level 8. HP: 70/74 MP: 8/8
  4811 | D:5      | Reached skill level 1 in Shields
  5001 | D:5      | XOM: divination: detect items
  5252 | D:5      | XOM: noise
  5254 | D:5      | XOM: silly message
  5288 | D:5      | XOM: 4-stop teleportation journey
  5635 | D:5      | XOM: potion effect (brilliance)
  6202 | D:5      | XOM: stat loss: -1 Dex (12/14)
  6298 | D:5      | XOM: 4-stop teleportation journey
  6601 | D:6      | Found a sand-covered staircase.
  6630 | Ossuary  | Entered an ossuary
  6647 | Ossuary  | XOM: 2-stop teleportation journey
  6658 | Ossuary  | XOM: enchant monster (bad)
  6659 | Ossuary  | XOM: summons friendly quasit
  6696 | Ossuary  | XOM: polymorph quasit -> white imp
  6771 | Ossuary  | XOM: silly message
  6833 | Ossuary  | Reached XP level 9. HP: 15/79 MP: 9/9
  7123 | Ossuary  | XOM: enchant monster (good)
  7180 | Ossuary  | XOM: cast spell 'Disjunction'
  7184 | Ossuary  | XOM: summons 9 friendly demons
  7733 | D:6      | Found a sparkling altar of Nemelex Xobeh.
  7733 | D:6      | XOM: chaos cloud
  7766 | D:5      | XOM: summons 1 hostile demon
  8072 | D:6      | Found a runed translucent gate.
  8095 | D:6      | Found a runed translucent door.
  8096 | D:6      | Noticed Crazy Yiuf
  8147 | D:6      | Found a runed translucent gate.
  8147 | D:6      | Found an opulent altar of Gozag.
  8148 | D:6      | Found a runed translucent gate.
  8150 | D:6      | Noticed a two-headed ogre
  8155 | D:6      | XOM: enchant monster (good)
  8156 | D:6      | XOM: chaos upgrade
  8157 | D:6      | Noticed Snicker's ghost (weakling DsDe)
  8287 | D:5      | XOM: noise
  8497 | D:6      | XOM: smoke on damage
  8521 | D:6      | Lost mutation: You evolve. [end of evolution]
  8670 | D:6      | XOM: summons 3 hostile shadow creatures
  8776 | D:6      | Reached skill level 5 in Shields
  8874 | D:6      | Found Dopato's Jewellery Shoppe.
  8874 | D:6      | XOM: noise
  9018 | D:6      | Bought a +4 ring of protection for 468 gold pieces
  9018 | D:6      | Bought a +6 ring of strength for 760 gold pieces
  9046 | D:6      | Found a sacrificial altar of Ru.
  9186 | D:6      | XOM: destruction
  9199 | D:6      | XOM: smoke on damage
  9200 | D:6      | XOM: summons 3 hostile shadow creatures
  9201 | D:6      | Killed from afar by a white imp

Illustrated notes

Levels and vault maps discovered:
D:1:      nzn_arrival_water_spiral, layout_basic, minmay_pentomino_o4
D:2:      layout_loops_cross
D:3:      layout_basic, serial_glass, glass_columns_b, glass_columns_a,
          feat_on_display, feat_on_display, item_on_display_a,
          cheibrodos_sewer_entry_bend, gammafunk_ghost_gnarly_gnolls,
          dk_xom_monty_hall
D:4:      cheibrodos_greedy_goblins, layout_basic,
          minmay_temple_entry_sparse_star, serial_shops, kennysheep_little_box,
          uniq_blork_the_orc, uniq_menkaure
D:5:      layout_basic, serial_shops, nicolae_shop_crystal
D:6:      layout_rooms, nicolae_overflow_hidden_temple,
          overflow_temple_1_default, serial_shops, nicolae_shop_statue_plus,
          nicolae_ossuary_entry_ruins, ebering_ghost_gozag,
          uniq_crazy_yiuf_cottage

Skill      XL: |  1  2  3  4  5  6  7  8  9 |
---------------+----------------------------+-----
Fighting       | 10 | 10.7
Armour         | 1 2 3 5 6 |  6.5
Shields        | 3 5 |  5.2
Polearms       | |  4.4
Dodging        | |  2.6

Action                   |  1- 3 |  4- 6 |  7- 9 || total
-------------------------+-------+-------+-------++-------
Melee: Spear             |    64 |   188 |   533 ||   785
       Tailslap          |       |     1 |       ||     1
Throw: Dart              |       |       |     6 ||     6
  Use: Potion            |       |     5 |     2 ||     7
       Scroll            |       |     6 |     9 ||    15
 Stab: Paralysed         |       |     6 |    12 ||    18
       Invisible         |       |     1 |       ||     1
       Distracted        |       |     1 |       ||     1
       Confused          |       |     2 |       ||     2
       Sleeping          |       |     1 |     1 ||     2
       Petrified         |       |       |     6 ||     6
       Petrifying        |       |       |     2 ||     2
Armor: Leather armour    |    10 |    35 |   145 ||   190
       Skin              |       |    18 |       ||    18
Dodge: Dodged            |    25 |   104 |   191 ||   320
Block: Kite shield       |       |       |     7 ||     7
